 Dungeon Crawl Stone Soup version 0.26.0-16-gc1dbca0489 (webtiles) character file.

Game seed: 12569231527044799374

67 jackrogers the Chopper (level 4, -2/35 HPs)
             Began as a Demonspawn Berserker on Jan 22, 2021.
             Was a Believer of Trog.
             Killed from afar by an orc wizard (7 damage)
             ... with a puff of flame
             ... on level 3 of the Dungeon.
             The game lasted 00:02:34 (2001 turns).

jackrogers the Chopper (Demonspawn Berserker)       Turns: 2001, Time: 00:02:35

Health: -2/35      AC:  7    Str: 19    XL:     4   Next: 0%
Magic:  4/4        EV: 10    Int:  8    God:    Trog [**....]
Gold:   78         SH:  3    Dex: 12    Spells: 3/3 levels left

rFire    . . .     SeeInvis .   a - +1 hand axe
rCold    + . .     Faith    .   l - +0 buckler
rNeg     . . .     Spirit   .   m - +1 ring mail
rPois    .         Reflect  .   (helmet restricted)
rElec    .         Harm     .   (no cloak)
rCorr    .         Rampage  .   e - +0 pair of gloves
Will     .....                  (no boots)
Stlth    +.........             (no amulet)
HPRegen  0.11/turn              (no ring)
MPRegen  0.09/turn              (no ring)

@: berserk cooldown, slowed, very slow
A: antennae 1, cold resistance 1
a: Renounce Religion, Berserk, Trog's Hand


You were on level 3 of the Dungeon.
You worshipped Trog.
Trog was pleased with you.
You visited 1 branch of the dungeon, and saw 3 of its levels.

You collected 78 gold pieces.

Inventory:

Hand Weapons
 a - a +1 hand axe (weapon)
Missiles
 f - 4 boomerangs (quivered)
Armour
 e - a +0 pair of gloves (worn)
   (You found it on level 1 of the Dungeon)
 l - a +0 buckler (worn)
   (You found it on level 1 of the Dungeon)
 m - a +1 ring mail (worn)
   (You found it on level 2 of the Dungeon)
Scrolls
 i - a scroll of remove curse
Potions
 c - a potion of curing {unknown}
 d - 2 potions of attraction {!q}
 g - a potion of haste {unknown}
 h - a potion of heal wounds {unknown}
 o - a potion of might {unknown}


   Skills:
 - Level 3.0 Fighting
 + Level 4.4 Axes
 - Level 1.7 Armour
 - Level 1.7 Dodging


You had 3 spell levels left.
You didn't know any spells.
Your spell library was empty.

Dungeon Overview and Level Annotations

Branches:
Dungeon (3/15)

Altars:


Innate Abilities, Weirdness & Mutations

You have a pair of small antennae on your head.
Your flesh is cold resistant. (rC+)


Message History

You hit something but do no damage. Something hits you but does no damage.
You hit the hobgoblin.
You kill the hobgoblin!
Trog accepts your kill.
You miss something. Something hits you.
You throw a boomerang. The boomerang hits the orc.
You hear some strange, mumbled words.
You are confused.
You are too confused!
You bump into the rock wall.
You hear some strange, mumbled words.
You are more confused.
You barely miss something.
You hear some strange, mumbled words.
You are more confused.
You closely miss the orc. You miss something.
You hear some strange, mumbled words.
A puff of flame appears from out of thin air!
The puff of flame hits you. The orc closely misses you.
Unknown command.
You hit the orc.
You kill the orc!
Trog accepts your kill.
You closely miss something. Something hits you but does no damage.
You have reached level 4!
You feel stronger.
Your demonic ancestry asserts itself...
A pair of antennae grows on your head! Something hits you but does no damage.
Items here: )) ††.
Unknown command.
You miss something. Something hits you.
You hit something but do no damage. Something hits you.
You bump into the rock wall.
You bump into the rock wall.
Something hits you but does no damage.
You bump into the rock wall.
Something hits you but does no damage.
You bump into the rock wall.
You hear some strange, mumbled words.
Something tries to affect you, but you resist.
You bump into the rock wall.
Something hits you.
You're too confused to move!
Something hits you.
You bump into the rock wall.
Something hits you but does no damage.
You're too confused to move!
You hear some strange, mumbled words.
A puff of flame appears from out of thin air!
The puff of flame hits you.
* * * LOW HITPOINT WARNING * * *
You bump into the rock wall.
Something hits you.
* * * LOW HITPOINT WARNING * * *
Unknown command.
You closely miss something. Something hits you but does no damage.
Unknown command.
You are too confused!
You bump into the rock wall.
You feel less confused. Something hits you but does no damage.
A red film seems to cover your vision as you go berserk!
You feel yourself moving faster!
You feel mighty!
You hear some strange, mumbled words.
A puff of flame appears from out of thin air!
The puff of flame hits you.
* * * LOW HITPOINT WARNING * * *
You barely miss something. Something hits you but does no damage.
You miss something. You closely miss something.
Something hits you but does no damage.
You miss something. Something hits you but does no damage.
You closely miss something.
You hear some strange, mumbled words.
You are confused.
You bump into the rock wall.
You slash something! Something hits you.
* * * LOW HITPOINT WARNING * * *
You're too confused to move!
An orc wizard appears from thin air!
Reactivating autopickup.
The orc wizard closely misses you.
Spoiler Alert: The orc wizard might cast Slow, Confuse, Throw Flame, or go Invisible!
You miss the orc wizard.
The orc wizard hits you but does no damage.
Spoiler Alert: The orc wizard might cast Slow, Confuse, Throw Flame, or go Invisible!
You bump into the rock wall.
Spoiler Alert: The orc wizard might cast Slow, Confuse, Throw Flame, or go Invisible!
You bump into the rock wall.
You feel a strong urge to attack something.
You are no longer berserk.
You are exhausted.
You feel yourself slow down.
The orc wizard hits you but does no damage.
Spoiler Alert: The orc wizard might cast Slow, Confuse, Throw Flame, or go Invisible!
You bump into the rock wall.
You feel less confused. The orc wizard closely misses you.
Spoiler Alert: The orc wizard might cast Slow, Confuse, Throw Flame, or go Invisible!
You hit the orc wizard. You block the orc wizard's attack.
The orc wizard misses you.
Spoiler Alert: The orc wizard might cast Slow, Confuse, Throw Flame, or go Invisible!
You closely miss the orc wizard. The orc wizard barely misses you.
The orc wizard casts a spell at you. The puff of flame hits you!
You die...

######
#@o<.#
#.#).#
#....###
#...$'.
#....###
#....#
#....#
#....#
#....#


You could see an orc wizard.

Vanquished Creatures
  A gnoll (D:1)
  2 adders
  3 orcs (D:3)
  3 giant cockroaches
  5 goblins
  6 hobgoblins
  2 ball pythons (D:1)
  3 bats
  A frilled lizard (D:1)
  6 kobolds
  6 rats
38 creatures vanquished.

Vanquished Creatures (others)
  A plant (D:1)
1 creature vanquished.

Grand Total: 39 creatures vanquished

Notes
Turn   | Place    | Note
-------+----------+-------------------------------------------
     0 | D:1      | jackrogers the Demonspawn Berserker began the quest for the
                  | Orb.
     0 | D:1      | Reached XP level 1. HP: 18/18 MP: 1/1
    41 | D:1      | Reached skill level 3 in Axes
   183 | D:1      | Gained mutation: Your flesh is cold resistant. (rC+)
                  | [demonic ancestry]
   183 | D:1      | Reached XP level 2. HP: 16/24 MP: 2/2
   527 | D:1      | HP: 5/24 [gnoll (2)]
   529 | D:1      | Reached ** piety under Trog
   776 | D:1      | Reached XP level 3. HP: 25/29 MP: 3/3
  1350 | D:2      | Reached skill level 4 in Axes
  1971 | D:3      | Gained mutation: You have a pair of small antennae on your
                  | head. [demonic ancestry]
  1971 | D:3      | Reached XP level 4. HP: 23/35 MP: 4/4
  1984 | D:3      | HP: 8/35 [something (2)]
  1994 | D:3      | HP: 7/52 [something (2)]
  2001 | D:3      | Killed from afar by an orc wizard

Illustrated notes

Levels and vault maps discovered:
D:1:      amcnicky_arrival_double_pillar, layout_rooms, serial_forest,
          infiniplex_forest_3_way, infiniplex_forest_lined_room_2,
          infiniplex_forest_3_way, infiniplex_forest_lined_3,
          infiniplex_forest_straight_3, infiniplex_forest_clump_C,
          infiniplex_forest_end_2, infiniplex_forest_straight_1,
          infiniplex_forest_straight_3, infiniplex_forest_clump_tiny
D:2:      layout_loops_ring
D:3:      layout_basic, regret_index_temple_of_mockery,
          eat_drink_and_be_merry_uskayaw, okawaru_metal_pillars_1_2, uniq_robin

Skill      XL: |  1  2  3 |
---------------+----------+-----
Axes           | 3 4 |  4.4
Fighting       | |  3.0
Armour         | |  1.7
Dodging        | |  1.7

Action                   |  1- 3 |  4- 6 || total
-------------------------+-------+-------++-------
Melee: Hand axe          |   125 |    12 ||   137
Throw: Boomerang         |    19 |       ||    19
Invok: Berserk           |     1 |     1 ||     2
  Use: Scroll            |     6 |       ||     6
Armor: Animal skin       |    14 |       ||    14
       Ring mail         |    18 |    10 ||    28
Dodge: Dodged            |    68 |     4 ||    72
Block: Buckler           |     5 |     1 ||     6

Table legend: (Time is in decaauts)
 A = Elapsed time spent in this place.
 B = Non-inter-level travel time spent in this place.
 C = Inter-level travel time spent in this place.
 D = Time resting spent in this place.
 E = Time spent auto-exploring this place.
 F = Levels seen in this place.
 G = Mean time per level.
                   A        B        C        D        E       F      G
               +--------+--------+--------+--------+--------+-----+--------+
         Total |   2034 |   1980 |     54 |    426 |   1217 |   3 |  678.0 |
       Dungeon |   2034 |   1980 |     54 |    426 |   1217 |   3 |  678.0 |
               +--------+--------+--------+--------+--------+-----+--------+

Top non-repeatable levels by time:
     D:1: 1105 daAuts
     D:2: 881 daAuts
     D:3: 47 daAuts

Table legend:
 A = Kills in this place as a percentage of kills in entire the game.
 B = Kills by you in this place as a percentage of kills by you in the entire game.
 C = Kills by friends in this place as a percentage of kills by friends in the entire game.
 D = Other kills in this place as a percentage of other kills in the entire game.
 E = Experience gained in this place as a percentage of experience gained in the entire game.
 F = Experience gained in this place divided by the number of levels of this place that you have seen.
                   A       B       C       D       E      F
               +-------+-------+-------+-------+-------+----------------------
         Total | 100.0 | 100.0 |   N/A |   N/A | 100.0 |  32.3
       Dungeon | 100.0 | 100.0 |   N/A |   N/A | 100.0 |  32.3
               +-------+-------+-------+-------+-------+----------------------
